 Dungeon Crawl Stone Soup version 0.23.1 (webtiles) character file.

Game seed: 0

29144 Laiders72 the Bludgeoner (level 13, -3/113 HPs)
             Began as a Hill Orc Monk on Mar 9, 2019.
             Was a High Priest of the Shining One.
             Slain by a skeletal warrior
             ... wielding a +0 morningstar
             ... led by a skeletal warrior
              (9 damage)
             ... on level 13 of the Dungeon.
             The game lasted 00:41:40 (14543 turns).

Laiders72 the Bludgeoner (Hill Orc Monk)           Turns: 14543, Time: 00:41:41

Health: -3/113     AC: 12    Str: 20    XL:     13   Next: 43%
Magic:  19/20      EV:  8    Int: 10    God:    the Shining One [*****.]
Gold:   666        SH: 18    Dex: 15    Spells: 12/12 levels left

rFire    + . .     SeeInvis .   u - +2 morningstar (crush)
rCold    . . .     Gourm    .   P - +0 shield
rNeg     + + +     Faith    .   j - +1 chain mail {rF+}
rPois    +         Spirit   .   (no helmet)
rElec    .         Reflect  +   q - +0 cloak
rCorr    .         Harm     .   a - +0 pair of gloves
MR       +....                  m - +0 pair of boots
Stlth    ..........             O - +5 amulet of reflection
HPRegen  0.28/turn              I - ring of poison resistance
MPRegen  0.17/turn              Q - ring of the Ant {rN+ MR+ Str+3}

@: glowing
A: no striking features
a: Divine Shield, Cleansing Flame, Summon Divine Warrior, Renounce Religion


You were on level 13 of the Dungeon.
You worshipped the Shining One.
The Shining One was extremely pleased with you.
You were not hungry.

You visited 1 branch of the dungeon, and saw 14 of its levels.
You also visited: Sewer.

You collected 666 gold pieces.

Inventory:

Hand Weapons
 u - a +2 morningstar of crushing (weapon)
Missiles
 l - 14 tomahawks (quivered)
Armour
 a - a +0 pair of gloves (worn)
 j - a +1 chain mail of fire resistance (worn)
 m - a +0 pair of boots (worn)
 q - a +0 cloak (worn)
 P - a +0 shield (worn)
Jewellery
 k - a +5 ring of strength
 w - a +4 ring of strength
 y - a +3 ring of dexterity
 H - an uncursed ring of resist corrosion
 I - a ring of poison resistance (left hand)
 O - a +5 amulet of reflection (around neck)
 Q - the ring of the Ant (right hand) {rN+ MR+ Str+3}
   (You found it on level 9 of the Dungeon)

   [ring of protection from magic]

   It affects your strength (+3).
   It protects you from negative energy.
   It affects your resistance to hostile enchantments.
 R - an uncursed ring of ice
 W - an uncursed amulet of guardian spirit
Wands
 x - a wand of iceblast (4)
 M - a wand of flame (39)
Scrolls
 d - 6 scrolls of enchant armour
 e - 3 scrolls of identify
 f - 3 scrolls of blinking
 g - 3 scrolls of enchant weapon
 h - a scroll of brand weapon {unknown}
 i - 7 scrolls of remove curse
 r - 3 scrolls of amnesia
 v - 5 scrolls of magic mapping
 A - 2 scrolls of fog
 C - a scroll of random uselessness {unknown}
 E - 2 scrolls of holy word {unknown}
 K - a scroll of summoning {unknown}
 L - a scroll of noise {unknown}
 N - a scroll of vulnerability {unknown}
 S - a scroll of teleportation {unknown}
Potions
 b - 4 potions of mutation
 n - a potion of might
 o - 2 potions of flight
 p - a potion of resistance
 s - a potion of invisibility {unknown}
 t - 2 potions of ambrosia {unknown}
 z - 3 potions of brilliance
 B - 2 potions of lignification
 D - 2 potions of agility {unknown}
 J - 11 potions of curing
 V - a potion of cancellation {unknown}
Miscellaneous
 G - a lamp of fire
Comestibles
 c - 28 rations
 F - 5 chunks of flesh


   Skills:
 - Level 10.0 Fighting
 - Level 16.0 Maces & Flails
 - Level 2.4 Dodging
 - Level 2.2 Stealth
 + Level 13.5 Shields
 + Level 9.3 Invocations


You had 12 spell levels left.
You didn't know any spells.
Your spell library contained the following spells:

 Spells                   Type           Power        Failure   Level  Hunger
 Bolt of Magma            Conj/Fire/Erth #.........   100%        5    ######.
 Iskenderun's Battlesphe  Conj/Chrm      #.......     100%        5    ######.
 Venom Bolt               Conj/Pois      #.........   100%        5    ######.
 Iron Shot                Conj/Erth      #.........   100%        6    #######
 Orb of Destruction       Conj           #.........   100%        7    #######
 Spellforged Servitor     Conj/Summ      #.........   100%        7    #######


Dungeon Overview and Level Annotations

Branches:
Dungeon (14/15)            Temple (0/1) D:5            Lair (0/6) D:11
    Orc (0/2) D:12
 Vaults: D:13-14

Altars:
Ashenzari
Hepliaklqana
Kikubaaqudgha
Ru
Trog
Xom
The Shining One

Shops:
D:4 }   D:6 %

Annotations:
D:13 2 runed translucent doors


Message History

The skeletal warrior is moderately damaged.
The skeletal warrior hits you but does no damage.
You bludgeon the skeletal warrior!!
The skeletal warrior is heavily damaged.
You thump the skeletal warrior!
The skeletal warrior is almost destroyed.
The skeletal warrior hits you with a cursed -1 lajatang!!
* * * LOW HITPOINT WARNING * * *
You puncture the skeletal warrior!
You destroy the skeletal warrior!
The Shining One accepts your kill.
You hit the skeletal warrior.
The skeletal warrior is moderately damaged.
You hit the skeletal warrior.
The skeletal warrior is moderately damaged.
You block the skeletal warrior's attack.
You sock the skeletal warrior!
The skeletal warrior is heavily damaged.
The skeletal warrior hits you with a +0 morningstar!
You die...

##. #.#≈)..# #.. #≈.....# #
##'#####......# #
#.........##### #
#..........≈≈≈≈≈ # ###+######
#....†...#.....#
####........###
#........'..####
##<'........'.####..†.....#..#
##.#........#.)÷@zz.......####
#..#...........###........#
..#######'####.# #######'##
### #.# #..# ... # #.# ##..#
##.# #.# ..# .# #.# ..+^ #
..+≈#


You could see 2 skeletal warriors.

Vanquished Creatures
  Frances (D:13)
  Fannar (D:12)
  2 hydras (D:12)
  Erica (D:8)
  4 two-headed ogres
  3 centaur warriors
  Sonja (D:10)
  2 skeletal warriors (D:13)
  4 unseen horrors
  Pikel (D:8)
  2 manticores
  A cyclops (D:12)
  A deep elf mage (D:13)
  An ugly thing (D:11)
  Joseph (D:10)
  A gargoyle (D:13)
  2 rime drakes (D:13)
  An efreet (D:13)
  A tengu conjurer (D:13)
  4 trolls
  A hornet (D:11)
  Prince Ribbit (D:5)
  A shadow (D:13)
  3 wyverns
  20 yaks
  4 hogs (D:7)
  A human (D:7)
  Menkaure (D:5)
  A soldier ant (D:12)
  An acid dragon (D:13)
  2 water moccasins
  2 porcupines (D:11)
  9 orc warriors
  4 sky beasts
  3 black bears
  A phantom (D:7)
  Purgy (Sewer)
  8 ogres
  2 necrophages
  2 slaves (D:8)
  6 centaurs (D:11)
  A crocodile (D:11)
  Blork the orc (D:6)
  2 big kobolds
  9 bullfrogs
  4 gnoll sergeants (D:7)
  A water moccasin skeleton (D:7)
  2 scorpions
  4 killer bees (D:11)
  3 howler monkeys (D:8)
  A centaur zombie (D:11)
  5 crimson imps
  9 hounds
  2 bullfrog zombies (D:5)
  4 orc priests
  2 jellies
  2 bullfrog skeletons
  2 gnoll shamans (D:7)
  8 orc wizards
  2 iguanas
  6 worker ants
  A hound zombie (D:9)
  3 hound skeletons
  2 howler monkey skeletons
  A worker ant zombie (D:11)
  24 gnolls
  10 adders
  An adder zombie (D:6)
  An ooze (D:1)
  2 adder skeletons
  7 worms
  A dart slug (D:3)
  6 leopard geckos
  39 orcs
  4 giant cockroaches
  4 goblins
  3 hobgoblins (D:2)
  9 jackals
  10 kobolds
  2 quokkas
  12 bats
  6 frilled lizards
  5 rats (D:2)
332 creatures vanquished.

Vanquished Creatures (collateral kills)
  An orc warrior (D:12)
  An ogre (D:12)
  A big kobold (D:12)
  2 gnoll sergeants (D:12)
  2 gnolls (D:12)
  2 orcs (D:12)
9 creatures vanquished.

Vanquished Creatures (others)
  A cyclops (D:8)
  A centaur (D:8)
  An orc (D:6)
  A kobold (D:7)
  A fungus (D:11)
5 creatures vanquished.

Grand Total: 346 creatures vanquished

Notes
Turn   | Place    | Note
-------+----------+-------------------------------------------
     0 | D:1      | Laiders72 the Hill Orc Monk began the quest for the Orb.
     0 | D:1      | Reached XP level 1. HP: 19/19 MP: 1/1
   429 | D:1      | Reached XP level 2. HP: 26/27 MP: 2/2
  1143 | D:2      | Reached skill level 4 in Maces & Flails
  1143 | D:2      | Reached XP level 3. HP: 11/33 MP: 3/3
  1608 | D:2      | Found a glowing golden altar of the Shining One.
  1847 | D:2      | Became a worshipper of the Shining One
  1847 | D:2      | Reached * piety under the Shining One
  1847 | D:2      | Reached ** piety under the Shining One
  1940 | D:2      | Reached XP level 4. HP: 40/40 MP: 4/4
  2018 | D:2      | Found a bloodstained altar of Trog.
  2676 | D:2      | Found a hazy altar of Hepliaklqana.
  2806 | D:2      | Reached skill level 1 in Invocations
  3362 | D:3      | Reached XP level 5. HP: 47/47 MP: 5/5
  3638 | D:4      | Noticed an ogre
  3650 | D:4      | Killed an ogre
  3650 | D:4      | Reached skill level 5 in Maces & Flails
  3650 | D:4      | Reached skill level 1 in Shields
  3652 | D:4      | Found Daul's Gadget Boutique.
  3694 | D:4      | Reached XP level 6. HP: 55/55 MP: 7/7
  3947 | D:4      | Reached skill level 5 in Fighting
  3954 | D:4      | Found a sacrificial altar of Ru.
  3954 | D:4      | Found an ancient bone altar of Kikubaaqudgha.
  4008 | D:4      | Found a shattered altar of Ashenzari.
  4154 | D:4      | Found a glowing drain.
  4196 | Sewer    | Entered a sewer
  4334 | Sewer    | Noticed Purgy
  4344 | Sewer    | Killed Purgy
  4344 | Sewer    | Reached skill level 6 in Maces & Flails
  4607 | D:5      | Entered Level 5 of the Dungeon
  4608 | D:5      | Noticed Prince Ribbit
  4619 | D:5      | Killed Prince Ribbit
  4619 | D:5      | Reached XP level 7. HP: 56/61 MP: 5/9
  4813 | D:5      | Noticed Menkaure
  4821 | D:5      | Killed Menkaure
  4902 | D:5      | Reached skill level 7 in Maces & Flails
  5027 | D:5      | Found a staircase to the Ecumenical Temple.
  5098 | D:5      | Reached XP level 8. HP: 70/70 MP: 11/11
  5488 | D:6      | Reached *** piety under the Shining One
  5642 | D:6      | Found Focit's Food Boutique.
  5656 | D:6      | Reached skill level 5 in Invocations
  5765 | D:6      | Noticed Blork the orc
  5774 | D:6      | Killed Blork the orc
  5774 | D:6      | Reached skill level 8 in Maces & Flails
  6392 | D:7      | Reached XP level 9. HP: 76/79 MP: 13/13
  6468 | D:7      | Reached skill level 9 in Maces & Flails
  7214 | D:7      | Reached skill level 10 in Maces & Flails
  7335 | D:7      | Reached skill level 11 in Maces & Flails
  7583 | D:8      | Noticed a two-headed ogre
  7593 | D:8      | Killed a two-headed ogre
  7593 | D:8      | Reached XP level 10. HP: 87/91 MP: 11/14
  7749 | D:8      | Noticed Erica
  7772 | D:8      | Noticed Pikel
  7787 | D:8      | Reached skill level 5 in Shields
  7800 | D:8      | HP: 4/91 [Pikel/+0 whip of flaming (1)]
  8208 | D:8      | Killed Erica
  8208 | D:8      | Reached skill level 10 in Fighting
  8208 | D:8      | Reached skill level 12 in Maces & Flails
  8248 | D:8      | Killed Pikel
  8453 | D:8      | Noticed a cyclops
  8456 | D:8      | Killed a cyclops
  8473 | D:8      | Noticed a centaur warrior
  8484 | D:8      | Killed a centaur warrior
  8484 | D:8      | Reached skill level 13 in Maces & Flails
  8484 | D:8      | Reached XP level 11. HP: 33/99 MP: 15/15
  9537 | D:9      | Reached **** piety under the Shining One
  9601 | D:9      | Got a flickering glass ring
  9719 | D:9      | Identified the ring of the Ant {rN+ MR+ Str+3} (You found
                  | it on level 9 of the Dungeon)
  9755 | D:10     | Entered Level 10 of the Dungeon
  9755 | D:10     | Noticed Joseph
  9766 | D:10     | Killed Joseph
  9806 | D:10     | Found a shimmering altar of Xom.
  9864 | D:10     | Noticed Sonja
  9866 | D:10     | Killed Sonja
 10320 | D:11     | Reached skill level 14 in Maces & Flails
 10358 | D:11     | You fall through a shaft for 3 floors!
 10368 | D:13     | Noticed Frances
 10368 | D:13     | Noticed a skeletal warrior
 10368 | D:13     | Noticed a skeletal warrior
 10368 | D:13     | Noticed a skeletal warrior
 10368 | D:13     | Noticed a skeletal warrior
 10388 | D:14     | Noticed an unseen horror
 10395 | D:14     | Killed an unseen horror
 10443 | D:14     | Noticed an unseen horror
 10460 | D:14     | Killed an unseen horror
 10474 | D:13     | Noticed a deep elf mage
 10474 | D:13     | Noticed a centaur warrior
 10476 | D:13     | Killed a deep elf mage
 10486 | D:13     | Killed a centaur warrior
 10786 | D:11     | Noticed a white ugly thing
 10795 | D:11     | Killed a white ugly thing
 10795 | D:11     | Reached skill level 15 in Maces & Flails
 10872 | D:11     | Found a staircase to the Lair.
 10941 | D:11     | Reached XP level 12. HP: 87/106 MP: 12/16
 10987 | D:11     | HP: 4/106 [manticore (8)]
 10988 | D:11     | HP: 1/106 [manticore (3)]
 11952 | D:12     | Noticed a two-headed ogre
 11954 | D:12     | Noticed a four-headed hydra
 11955 | D:12     | Noticed an eight-headed hydra
 11959 | D:12     | Killed a two-headed ogre
 11964 | D:12     | Killed an eight-headed hydra
 11970 | D:12     | Killed a four-headed hydra
 11970 | D:12     | Reached skill level 16 in Maces & Flails
 11970 | D:12     | Reached skill level 10 in Shields
 12287 | D:12     | Noticed Fannar
 12305 | D:12     | Killed Fannar
 12893 | D:12     | Noticed a two-headed ogre
 12906 | D:12     | Killed a two-headed ogre
 12912 | D:12     | Found a staircase to the Orcish Mines.
 12912 | D:12     | Reached ***** piety under the Shining One
 14068 | D:13     | Noticed a two-headed ogre
 14078 | D:13     | Killed a two-headed ogre
 14078 | D:13     | Reached XP level 13. HP: 27/113 MP: 8/18
 14406 | D:13     | Found a large runed translucent door.
 14408 | D:13     | Found a large runed translucent door.
 14461 | D:13     | Killed Frances
 14539 | D:13     | HP: 5/113 [skeletal warrior/cursed -1 lajatang[a skeletal
                  | warrior] (26)]
 14543 | D:13     | Slain by a skeletal warrior

Skill      XL: |  1  2  3  4  5  6  7  8  9 10 11 12 13 |
---------------+----------------------------------------+-----
Fighting       | 4 5 6 7 9 10 | 10.0
Maces & Flails | 4 5 6 7 8 11 13 15 16 | 16.0
Stealth        | 2 |  2.2
Invocations    | 1 2 3 4 6 9 |  9.3
Shields        | 1 2 3 4 6 9 12 13 | 13.5
Dodging        | |  2.4

Action                   |  1- 3 |  4- 6 |  7- 9 | 10-12 | 13-15 || total
-------------------------+-------+-------+-------+-------+-------++-------
Melee: Mace              |   115 |   172 |       |       |       ||   287
       Flail             |       |       |   364 |    95 |       ||   459
       Morningstar       |       |       |       |   431 |    74 ||   505
Throw: Tomahawk          |     3 |       |       |       |       ||     3
Invok: Divine Shield     |       |     2 |     5 |     5 |     1 ||    13
       Cleansing Flame   |       |       |       |     2 |       ||     2
       Summon Divine War |       |       |       |     1 |       ||     1
  Use: Scroll            |     2 |     5 |     5 |    10 |       ||    22
       Potion            |       |       |       |     7 |     1 ||     8
  Eat: Chunk             |     3 |     5 |     8 |    15 |     1 ||    32
       Ration            |       |     1 |     1 |     2 |       ||     4
Armor: Robe              |     4 |       |       |       |       ||     4
       Chain mail        |    94 |    83 |   217 |   258 |     9 ||   661
Dodge: Dodged            |    81 |    56 |   152 |   167 |     5 ||   461
Block: Buckler           |       |    39 |   251 |       |       ||   290
       Reflection        |       |       |    10 |    26 |     6 ||    42
       Shield            |       |       |     8 |   591 |    77 ||   676
